 Dungeon Crawl Stone Soup version 0.31-a0-246-g8cbcc1cb85 (webtiles) character file.

Game seed: 11695762998445318590

3417 qw the Skirmisher (level 9, -7/79 HPs)
             Began as a Minotaur Hexslinger on July 12, 2023.
             Was a Follower of Okawaru.
             Killed from afar by an electric eel (11 damage)
             ... with a bolt of electricity
             ... on level 9 of the Dungeon.
             The game lasted 00:03:27 (9090 turns).

qw the Skirmisher (Minotaur Hexslinger)             Turns: 9090, Time: 00:03:28

Health: -7/79      AC:  8    Str: 14    XL:     9   Next: 76%
Magic:  9/11       EV: 17    Int: 10    God:    Okawaru [*.....]
Gold:   299        SH:  0    Dex: 16    Spells: 9/10 levels left

rFire   . . .        Y - +0 orcbow
rCold   . . .        (shield currently unavailable)
rNeg    . . .        b - +0 steam dragon scales
rPois   +            (helmet restricted)
rElec   .            m - +0 cloak
rCorr   .            (no gloves)
SInv    .            (no boots)
Will    .....        (no amulet)
Stlth   +++          g - ring of poison resistance
HPRegen 0.33/turn    (no ring)
MPRegen 0.12/turn

%: no passive effects
@: heroic
A: horns 2, retaliatory headbutt
a: Renounce Religion, Heroism


You were on level 9 of the Dungeon.
You worshipped Okawaru.
Okawaru was aware of your devotion.
You visited 2 branches of the dungeon, and saw 10 of its levels.

You collected 419 gold pieces.
You spent 120 gold pieces at shops.


Innate Abilities, Weirdness & Mutations

You have a pair of horns on your head.
You reflexively headbutt those who attack you in melee.


   Skills:
 + Level 7.0(12.0) Fighting
 - Level 12.0(17.0) Ranged Weapons
 - Level 2.4(7.4) Armour
 - Level 5.2(10.2) Dodging
 - Level 1.0 Spellcasting
 - Level 2.0 Hexes
 - Level 4.0 Invocations


You had 9 spell levels left.
You knew the following spells:

 Your Spells              Type           Power      Damage    Failure   Level
a - Slow                  Hex            16%        N/A       16%         1

Your spell library contained the following spells:

 Spells                   Type           Power      Damage    Failure   Level
 Inner Flame              Hex/Fire       2%         N/A       56%         3
 Portal Projectile        Hex/Tloc       4%         N/A       56%         3
 Cause Fear               Hex            2%         N/A       83%         4

Inventory:

Hand Weapons
 Y - a +0 orcbow (weapon)
Armour
 b - +0 steam dragon scales (worn)
 f - the +2 leather armour "Omexzess" {Harm *Corrode rPois rN+++}
   (You found it on level 3 of the Dungeon)

   rPois:     It protects you from poison.
   rN:        It renders you almost immune to negative energy.
   *Corrode:  It may corrode you when you take damage.
   Harm:      It increases damage dealt and taken.
 m - a +0 cloak (worn)
Jewellery
 d - an amulet of magic regeneration
 g - a ring of poison resistance (left hand)
 l - a ring of fire
Scrolls
 k - 2 scrolls of identify
Potions
 a - 3 potions of cancellation
 c - a potion of heal wounds {unknown}
 e - a potion of haste
 h - a potion of might {unknown}
 j - 2 potions of mutation

Dungeon Overview and Level Annotations

Branches:
Dungeon (9/15)             Temple (1/1) D:5
   Lair: D:8-11         Orc: D:9-12

Altars:
Ashenzari
Dithmenos
Elyvilon
Fedhas
Gozag
Hepliaklqana
Kikubaaqudgha
Makhleb
Nemelex Xobeh
Okawaru
Qazlal
Ru
Trog
Wu Jian
Xom
Zin
The Shining One

Shops:
D:5 *

Annotations:
D:8 2 transporters


Message History

Enter note:
Enter note:
Enter note:
Enter note:
9083 ||| INVOKING Heroism.
You gain the combat prowess of a mighty hero.
The electric eel shoots out a bolt of lightning at you!
The bolt of electricity hits the plant!
The plant begins to die.
The bolt of electricity hits you!
The bolt of electricity hits the plant!
The plant begins to die.
The electric eel shoots out a bolt of lightning at you!
The bolt of electricity hits the plant!
The bolt of electricity hits you!
The bolt of electricity hits the plant!
Something hits the plant!!
The plant begins to die.
Something hits the plant!!
The electric eel shoots out a bolt of lightning at you!
The bolt of electricity hits the plant!
The bolt of electricity hits you!
The bolt of electricity hits the plant!
Something hits the plant! x2
A nearby plant withers and dies.
You shoot an arrow. The arrow hits the electric eel.
The electric eel is lightly wounded.
A nearby plant withers and dies.
The electric eel shoots out a bolt of lightning at you!
The bolt of electricity hits you! x2
The bolt of electricity hits the electric eel.
The electric eel completely resists.
The bolt of electricity hits the plant!
The plant begins to die.
Something hits the plant! x2
You shoot an arrow.
The arrow completely misses the electric eel.
The arrow completely misses the plant.
The arrow hits the plant!
The plant begins to die.
The plant is lightly damaged.
The electric eel shoots out a bolt of lightning at you!
The bolt of electricity hits you! x2
The bolt of electricity hits the electric eel.
The electric eel completely resists.
The bolt of electricity hits the plant!
You shoot an arrow. The arrow hits the electric eel.
The electric eel is moderately wounded.
The electric eel shoots out a bolt of lightning at you!
The bolt of electricity hits you! x2
You die... .#.## #.### #PPPP...... ##+## P~PPPP...

##...## ~PPPP~P###
##.....#
~~7~P~P.#####.......
P~~~7~.~P##........
~P~~7~~PPP........
####S~~~7~~~P.P......
####...@.~~7~~7~P.......
#....###~PPP77~~~......#
#.##.###.~P7~7~~P.#...##
#.##..#..~~~77~PPP##'##
#.#PP~P~~7~~~PP~P###.#
#.P~~~~777~~PPP.####.###
#.~~~7P~PP.PP####.......
#.P.PPPPP~P#.# #......#
#(...........# #.......


You could see an electric eel.

Vanquished Creatures
  A wyvern (D:9)
  2 steam dragons (D:8)
  3 yaks (D:9)
  A water moccasin (D:7)
  2 ice beasts
  A black bear (D:5)
  2 sky beasts
  A centaur (D:7)
  A bullfrog (D:7)
  2 kobold brigands
  A gnoll sergeant (D:7)
  5 scorpions
  11 wights
  2 jellies
  A gnoll bouda (D:7)
  3 orc priests
  6 hounds
  2 iguanas (D:5)
  2 orc wizards (D:8)
  14 gnolls
  10 adders
  2 white imps
  2 ufetubi (D:5)
  5 dart slugs
  20 orcs
  8 endoplasms
  7 giant cockroaches
  10 hobgoblins
  6 jackals (D:3)
  4 quokkas
  2 ball pythons
  6 bats
  A frilled lizard (D:1)
  10 goblins
  16 kobolds
  7 rats
179 creatures vanquished.

Notes
Turn   | Place    | Note
-------+----------+-------------------------------------------
     0 | D:1      | qw the Minotaur Hexslinger began the quest for the Orb.
     0 | D:1      | Reached XP level 1. HP: 16/16 MP: 1/1
     0 | D:1      | 0 ||| qw: Version: 0.3-a-52-g30416fa
     0 | D:1      | 0 ||| qw: Game counter: 6459
     0 | D:1      | 0 ||| qw: Melee chars always use a shield: true
     0 | D:1      | 0 ||| qw: God list: Okawaru
     0 | D:1      | 0 ||| qw: Allow faded altars: false
     0 | D:1      | 0 ||| qw: Do Orc after clearing Dungeon:15 true
     0 | D:1      | 0 ||| qw: Do second Lair branch before Depths: true
     0 | D:1      | 0 ||| qw: Lair rune preference: random
     0 | D:1      | 0 ||| qw: Goals: Normal
     0 | D:1      | 0 ||| PLANNING D:1-11
   115 | D:1      | Reached skill level 3 in Ranged Weapons
   119 | D:1      | Reached XP level 2. HP: 23/23 MP: 2/2
   325 | D:1      | Reached XP level 3. HP: 29/29 MP: 3/3
   536 | D:1      | 536 ||| UPGRADING to +0 ring mail.
   546 | D:1      | 546 ||| DROPPING +0 robe.
   547 | D:1      | 547 ||| DROPPING scroll of poison.
   664 | D:2      | Reached skill level 4 in Ranged Weapons
   894 | D:2      | Found a faded altar of an unknown god.
   928 | D:2      | Reached skill level 1 in Armour
  1312 | D:2      | Reached XP level 4. HP: 28/36 MP: 4/4
  1561 | D:2      | 1561 ||| READING scroll labelled PEPOPP MIALLEKHI.
  1562 | D:2      | 1562 ||| READING scroll labelled QEITRA JANNEVYARE.
  1563 | D:2      | 1563 ||| READING scroll labelled PAKKONUKUGH.
  1564 | D:2      | 1564 ||| DRINKING 2 red potions.
  1565 | D:2      | 1565 ||| DROPPING potion of magic.
  1692 | D:3      | Identified the +2 leather armour "Omexzess" {Harm *Corrode
                  | rPois rN+++}
  2192 | D:3      | 2192 ||| UPGRADING to ring of poison resistance.
  2193 | D:3      | 2193 ||| READING 2 scrolls labelled ECYACV DEOHAN.
  2280 | D:4      | Reached skill level 5 in Ranged Weapons
  2303 | D:4      | Reached XP level 5. HP: 35/44 MP: 5/5
  2370 | D:4      | 2370 ||| FLEEEEING.
  2371 | D:4      | 2371 ||| FLEEEEING.
  2376 | D:4      | 2376 ||| FLEEEEING.
  2377 | D:4      | 2377 ||| FLEEEEING.
  2389 | D:4      | Reached skill level 3 in Fighting
  2629 | D:4      | 2629 ||| SWAPPING to +0 shortbow.
  2630 | D:4      | 2630 ||| DROPPING +2 sling.
  2714 | D:4      | 2714 ||| SWAPPING to +0 orcbow.
  2715 | D:4      | 2715 ||| DROPPING +0 shortbow.
  2893 | D:4      | 2893 ||| Stepping ~*~*~tactically~*~*~ (outnumbered).
  2901 | D:4      | HP: 10/45 [orc priest/divine providence (9)]
  2902 | D:4      | 2902 ||| READING scroll of teleportation.
  3102 | D:4      | Reached skill level 6 in Ranged Weapons
  3152 | D:4      | Reached XP level 6. HP: 51/51 MP: 6/6
  3294 | D:4      | 3294 ||| READING scroll labelled GAIV NOHEA.
  3325 | D:5      | Entered Level 5 of the Dungeon
  3385 | D:5      | Found a staircase to the Ecumenical Temple.
  3386 | D:5      | 3386 ||| PLANNING TEMPLE
  3386 | D:5      | 3386 ||| READING scroll labelled UZARUD TIGOL.
  3394 | Temple   | Entered the Ecumenical Temple
  3440 | Temple   | 3440 ||| PLANNING OKAWARU WORSHIP
  4116 | Temple   | Became a worshipper of Warmaster Okawaru
  4117 | Temple   | 4117 ||| PLANNING D:1-11
  4187 | D:5      | Found Amyifurr's General Store.
  4222 | D:5      | Reached skill level 7 in Ranged Weapons
  4222 | D:5      | Reached XP level 7. HP: 32/59 MP: 7/7
  4386 | D:5      | Reached * piety under Okawaru
  4393 | D:5      | 4393 ||| INVOKING Heroism.
  4480 | D:5      | Reached skill level 8 in Ranged Weapons
  4632 | D:5      | 4632 ||| BUYING potion of mutation (80 gold).
  4632 | D:5      | Bought a potion of mutation for 80 gold pieces
  4632 | D:5      | 4632 ||| BUYING scroll of identify (20 gold).
  4632 | D:5      | Bought a scroll of identify for 20 gold pieces
  4632 | D:5      | 4632 ||| BUYING scroll of identify (20 gold).
  4632 | D:5      | Bought a scroll of identify for 20 gold pieces
  4681 | D:5      | 4681 ||| Stepping ~*~*~tactically~*~*~ (outnumbered).
  4683 | D:5      | 4683 ||| Stepping ~*~*~tactically~*~*~ (outnumbered).
  4698 | D:5      | 4698 ||| FLEEEEING.
  4699 | D:5      | 4699 ||| FLEEEEING.
  4700 | D:5      | 4700 ||| FLEEEEING.
  4701 | D:5      | 4701 ||| FLEEEEING.
  4702 | D:5      | 4702 ||| FLEEEEING.
  4703 | D:5      | 4703 ||| FLEEEEING.
  4704 | D:5      | 4704 ||| FLEEEEING.
  4705 | D:5      | 4705 ||| FLEEEEING.
  4706 | D:5      | 4706 ||| FLEEEEING.
  4707 | D:5      | 4707 ||| FLEEEEING.
  4708 | D:5      | 4708 ||| FLEEEEING.
  4709 | D:5      | 4709 ||| FLEEEEING.
  4710 | D:5      | 4710 ||| FLEEEEING.
  4711 | D:5      | 4711 ||| FLEEEEING.
  4712 | D:5      | 4712 ||| FLEEEEING.
  4713 | D:5      | 4713 ||| FLEEEEING.
  4714 | D:5      | 4714 ||| FLEEEEING.
  4715 | D:5      | 4715 ||| FLEEEEING.
  4716 | D:5      | 4716 ||| FLEEEEING.
  4717 | D:5      | 4717 ||| FLEEEEING.
  4718 | D:5      | 4718 ||| FLEEEEING.
  4719 | D:5      | 4719 ||| FLEEEEING.
  4720 | D:5      | 4720 ||| FLEEEEING.
  4721 | D:5      | 4721 ||| FLEEEEING.
  4722 | D:5      | 4722 ||| FLEEEEING.
  4723 | D:5      | 4723 ||| FLEEEEING.
  4724 | D:5      | 4724 ||| FLEEEEING.
  4725 | D:5      | 4725 ||| FLEEEEING.
  4726 | D:5      | 4726 ||| FLEEEEING.
  4727 | D:5      | 4727 ||| FLEEEEING.
  4728 | D:5      | 4728 ||| FLEEEEING.
  4729 | D:5      | 4729 ||| FLEEEEING.
  4730 | D:5      | 4730 ||| FLEEEEING.
  4731 | D:5      | 4731 ||| FLEEEEING.
  4732 | D:5      | 4732 ||| FLEEEEING.
  4733 | D:5      | 4733 ||| FLEEEEING.
  4734 | D:5      | 4734 ||| FLEEEEING.
  4735 | D:5      | 4735 ||| FLEEEEING.
  4736 | D:5      | 4736 ||| FLEEEEING.
  4737 | D:5      | 4737 ||| FLEEEEING.
  4738 | D:5      | 4738 ||| FLEEEEING.
  4739 | D:5      | 4739 ||| FLEEEEING.
  4740 | D:5      | 4740 ||| FLEEEEING.
  4741 | D:5      | 4741 ||| STAIRDANCE
  4806 | D:4      | 4806 ||| DRINKING 2 lumpy clear potions.
  4807 | D:4      | 4807 ||| READING 2 scrolls of identify.
  4807 | D:4      | 4807 ||| IDENTIFYING cyan potion
  4808 | D:4      | 4808 ||| DROPPING potion of lignification.
  4811 | D:5      | 4811 ||| STAIRDANCE
  4949 | D:5      | Found a white marble altar of Elyvilon.
  5162 | D:5      | 5162 ||| READING scroll labelled IKUAKH OSKAAJUTO.
  5163 | D:5      | 5163 ||| DRINKING 2 viscous clear potions.
  5164 | D:5      | 5164 ||| DRINKING 2 inky potions.
  5165 | D:5      | 5165 ||| DROPPING potion of brilliance.
  5222 | D:6      | Reached skill level 1 in Invocations
  5416 | D:6      | Reached XP level 8. HP: 60/68 MP: 8/8
  5450 | D:6      | 5450 ||| INVOKING Heroism.
  5615 | D:6      | 5615 ||| INVOKING Heroism.
  5618 | D:6      | Reached skill level 9 in Ranged Weapons
  5766 | D:6      | Reached skill level 3 in Invocations
  5837 | D:6      | 5837 ||| INVOKING Heroism.
  5838 | D:6      | 5838 ||| Stepping ~*~*~tactically~*~*~ (outnumbered).
  5949 | D:6      | Identified the +1 war axe of Noaf {drain, Drain rC++}
  6001 | D:6      | Found a burning altar of Makhleb.
  6037 | D:6      | Reached skill level 6 in Fighting
  6094 | D:6      | 6094 ||| UPGRADING to +0 cloak.
  6099 | D:6      | 6099 ||| READING scroll labelled WIESESCHITTI.
  6100 | D:6      | 6100 ||| READING 2 scrolls of identify.
  6100 | D:6      | 6100 ||| IDENTIFYING sapphire potion
  6101 | D:6      | 6101 ||| DROPPING potion of attraction.
  6176 | D:7      | HP: 17/70 [gnoll bouda/+0 whip (2)]
  6177 | D:7      | 6177 ||| READING 2 scrolls of teleportation.
  6180 | D:7      | 6180 ||| READING scroll of teleportation.
  6181 | D:7      | HP: 10/70 [bullfrog (3)]
  6420 | D:7      | Reached skill level 3 in Dodging
  6422 | D:7      | 6422 ||| INVOKING Heroism.
  6574 | D:7      | HP: 13/70 [gnoll/+0 halberd[a gnoll bouda] (8)]
  6783 | D:7      | Found a broken altar of Ashenzari.
  6941 | D:7      | 6941 ||| Stepping ~*~*~tactically~*~*~ (water).
  7121 | D:7      | 7121 ||| INVOKING Heroism.
  7124 | D:7      | Reached skill level 10 in Ranged Weapons
  7246 | D:7      | Found a stormy altar of Qazlal.
  7387 | D:7      | 7387 ||| READING 2 scrolls of identify.
  7387 | D:7      | 7387 ||| IDENTIFYING fuming cyan potion
  7388 | D:7      | 7388 ||| DROPPING potion of invisibility.
  7393 | D:8      | 7393 ||| INVOKING Heroism.
  7394 | D:8      | 7394 ||| Stepping ~*~*~tactically~*~*~ (cloud).
  7405 | D:8      | Reached XP level 9. HP: 39/78 MP: 8/10
  7405 | D:8      | 7405 ||| Stepping ~*~*~tactically~*~*~ (cloud).
  7536 | D:8      | Found a transporter.
  7629 | D:8      | 7629 ||| INVOKING Heroism.
  7757 | D:8      | 7757 ||| Stepping ~*~*~tactically~*~*~ (outnumbered).
  7759 | D:8      | 7759 ||| Stepping ~*~*~tactically~*~*~ (outnumbered).
  7762 | D:8      | 7762 ||| Stepping ~*~*~tactically~*~*~ (outnumbered).
  7768 | D:8      | 7768 ||| DRINKING potion of curing.
  7768 | D:8      | 7768 ||| (to cure confusion)
  8001 | D:8      | Found a transporter.
  8024 | D:8      | Reached skill level 11 in Ranged Weapons
  8048 | D:8      | 8048 ||| INVOKING Heroism.
  8304 | D:8      | 8304 ||| INVOKING Heroism.
  8309 | D:8      | 8309 ||| Stepping ~*~*~tactically~*~*~ (cloud).
  8492 | D:8      | 8492 ||| UPGRADING to +0 steam dragon scales.
  8502 | D:8      | 8502 ||| DROPPING +0 ring mail.
  8503 | D:8      | 8503 ||| DRINKING 2 orange potions.
  8661 | D:9      | 8661 ||| Stepping ~*~*~tactically~*~*~ (outnumbered).
  8665 | D:9      | 8665 ||| Stepping ~*~*~tactically~*~*~ (outnumbered).
  8666 | D:9      | 8666 ||| Stepping ~*~*~tactically~*~*~ (outnumbered).
  8667 | D:9      | 8667 ||| Stepping ~*~*~tactically~*~*~ (outnumbered).
  8668 | D:9      | 8668 ||| Stepping ~*~*~tactically~*~*~ (outnumbered).
  8671 | D:9      | 8671 ||| Stepping ~*~*~tactically~*~*~ (outnumbered).
  8693 | D:9      | 8693 ||| INVOKING Heroism.
  8860 | D:9      | Reached skill level 12 in Ranged Weapons
  9031 | D:9      | Noticed a two-headed ogre
  9083 | D:9      | 9083 ||| INVOKING Heroism.
  9089 | D:9      | HP: 13/79 [electric eel/bolt of electricity (7)]
  9090 | D:9      | HP: 4/79 [electric eel/bolt of electricity (9)]
  9090 | D:9      | Killed from afar by an electric eel

Levels and vault maps discovered:
D:1:      dpeg_arrival_short_road, layout_rooms
D:2:      layout_basic, hellmonk_ecumenical_altar_inner_sanctum
D:3:      layout_loops_ring, glass_columns_b
D:4:      layout_gridville, serial_park_tiny_pond, dk_noncrumbling_2
D:5:      layout_basic, elyvilon_altar_3, minmay_temple_entry_junction,
          serial_shops, nicolae_shop_tiny_waterfront
D:6:      layout_rooms, lightli_temple_of_fire, minivault_11, fountainhead
D:7:      layout_loops_ring, lemuel_crystal_altar,
          mainiacjoe_overflow_concentric_impassable, enter_bailey_4
D:8:      gammafunk_steamed_eel, layout_basic
D:9:      layout_loops_corners, hiddenorc1_lemuel, serial_bayou_lagoon_a,
          hex_medium
Temple:   compressed_dpeg_triangle_lava_temple

Skill      XL: |  1  2  3  4  5  6  7  8  9 |
---------------+----------------------------+-----
Ranged Weapons | 3 4 5 6 7 8 10 12 | 12.0
Fighting       | 2 3 4 5 6 7 |  7.0
Armour         | 1 2 |  2.4
Invocations    | 2 3 4 |  4.0
Dodging        | 3 5 |  5.2
Spellcasting   | |  1.0
Hexes          | |  2.0

Action                     |  1- 3 |  4- 6 |  7- 9 || total
---------------------------+-------+-------+-------++-------
   Fire: Sling             |   130 |    86 |       ||   216
         Orcbow            |       |    70 |   431 ||   501
         Shortbow          |       |     1 |       ||     1
 Invoke: Heroism           |       |       |    12 ||    12
    Use: Scroll            |       |     7 |     7 ||    14
         Potion            |       |     1 |     5 ||     6
 Armour: Robe              |     7 |       |       ||     7
         Ring mail         |    22 |    31 |    66 ||   119
         Steam dragon scal |       |       |     4 ||     4
  Dodge: Dodged            |    32 |    59 |   167 ||   258

Table legend:
 A = Non-vault XP
 B = Vault XP
 C = Vault XP percentage of total XP
 D = Non-vault monster count
 E = Vault monster count
 F = Vault count percentage of total count
                 A         B        C        D         E       F
            +---------+---------+-------+---------+---------+-------
      Total |    4872 |      10 |   0.2 |     174 |       5 |   2.8
            +---------+---------+-------+---------+---------+-------
        D:1 |      44 |       0 |   0.0 |      28 |       0 |   0.0
        D:2 |      70 |       0 |   0.0 |      19 |       0 |   0.0
        D:3 |      44 |       0 |   0.0 |      16 |       0 |   0.0
        D:4 |     258 |       0 |   0.0 |      22 |       0 |   0.0
        D:5 |     687 |       0 |   0.0 |      22 |       0 |   0.0
        D:6 |     898 |       0 |   0.0 |      17 |       0 |   0.0
        D:7 |     655 |      10 |   1.5 |      20 |       5 |  20.0
        D:8 |    1317 |       0 |   0.0 |      20 |       0 |   0.0
        D:9 |     899 |       0 |   0.0 |      10 |       0 |   0.0
            +---------+---------+-------+---------+---------+-------
